 Dungeon Crawl Stone Soup version 0.16.2-12-gd0ad4c3 (webtiles) character file.

23823 faibistes the Thaumaturge (level 12, -2/67 HPs)
             Began as a Deep Elf Wizard on Nov 30, 2018.
             Was the Champion of Sif Muna.
             Killed from afar by an oklob plant (8 damage)
             ... with a splash of acid
             ... on level 4 of the Lair of Beasts.
             The game lasted 01:06:37 (26187 turns).

faibistes the Thaumaturge (Deep Elf Wizard)        Turns: 26187, Time: 01:06:37

Health: -2/67      AC:  0    Str:  7    XL:     12   Next: 75%
Magic:  29/44      EV: 16    Int: 32    God:    Sif Muna [******]
Gold:   1959       SH:  0    Dex: 13    Spells: 8 memorised, 17 levels left

rFire  . . .     SeeInvis +     K - staff of poison
rCold  x . .     Clarity  .     W - +0 robe {MR+}
rNeg   . . .     SustAb   .     (no shield)
rPois  +         Gourm    .     b - +0 hat
rElec  +         Spirit   .     (no cloak)
rCorr  +         Warding  .     T - +0 pair of gloves "Muonar" {rElec rC- Str+3 SInv}
rMut   .         Stasis   .     r - +1 pair of boots
MR     ++...                    U - amulet of resist corrosion
Stlth  ++........               A - +3 ring of intelligence
                                R - ring of magical power

@: corroded equipment, repel missiles, very resistant to hostile enchantments,
unstealthy
A: no striking features
a: Channel Energy, Forget Spell, Renounce Religion


You were on level 4 of the Lair of Beasts.
You worshipped Sif Muna.
Sif Muna was exalted by your worship.
You were not hungry.

You visited 3 branches of the dungeon, and saw 17 of its levels.
You also visited: Bailey.

You collected 1959 gold pieces.

Inventory:

Hand weapons
 t - a +0 dagger of freezing
 H - a +1 dagger of electrocution
Armour
 b - a +0 hat (worn)
 r - a +1 pair of boots (worn)
 N - a +2 pair of gloves
 T - the +0 pair of gloves "Muonar" (worn) {rElec rC- Str+3 SInv}
   (You found it on level 10 of the Dungeon)

   It affects your strength (+3).
   It makes you vulnerable to cold.
   It insulates you from electricity.
   It enhances your eyesight.
 W - a +0 robe of magic resistance (worn)
Magical staves
 K - an uncursed staff of poison (weapon)
Jewellery
 e - an uncursed ring of protection from fire
 m - an uncursed ring of protection from magic
 n - an uncursed ring of protection from cold
 u - an uncursed ring of protection from cold
 A - a +3 ring of intelligence (right hand)
 Q - an uncursed amulet of warding
 R - a ring of magical power (left hand)
 U - an amulet of resist corrosion (around neck)
Magical devices
 c - a wand of digging (14)
 i - a wand of cold (3)
 x - a wand of disintegration (4)
 y - a wand of disintegration (5)
 C - a wand of disintegration (19)
 I - a wand of frost (20)
 L - a wand of confusion (17)
 X - a wand of flame (12)
Scrolls
 a - a scroll of brand weapon
 f - a scroll of enchant weapon
 g - a scroll of fear
 j - 7 scrolls of magic mapping
 k - 4 scrolls of teleportation
 o - a scroll of immolation
 s - 5 scrolls of remove curse
 Z - 2 scrolls of fog
Potions
 h - 3 potions of restore abilities
 p - 3 potions of resistance
 q - 2 potions of heal wounds
 v - 2 potions of flight
 w - a potion of haste
 z - 3 potions of agility
 D - 3 potions of might
 F - 3 potions of curing
 G - 3 potions of mutation {unknown}
 M - a potion of cancellation {unknown}
 P - a potion of berserk rage {unknown}
 S - 3 potions of cure mutation {unknown}
Miscellaneous
 O - a lamp of fire
Comestibles
 d - 12 bread rations
 l - 7 meat rations
 B - 6 slices of pizza


   Skills:
 + Level 4.4 Fighting
 + Level 8.3 Dodging
 - Level 2.4 Stealth
 * Level 13.2 Spellcasting
 * Level 8.8 Conjurations
 - Level 7.7 Charms
 - Level 1.1 Summonings
 + Level 7.0 Translocations
 * Level 9.1 Fire Magic
 - Level 3.0 Air Magic
 - Level 2.1 Poison Magic
 * Level 8.3 Invocations
 + Level 5.8 Evocations


You had 17 spell levels left.
You knew the following spells:

 Your Spells              Type           Power        Failure   Level  Hunger
a - Magic Dart            Conj           ####         1%          1    None
b - Conjure Flame         Conj/Fire      ######..     1%          3    None
c - Call Imp              Summ           ####....     2%          2    None
d - Blink                 Tloc           N/A          1%          2    None
e - Mephitic Cloud        Conj/Pois/Air  ######..     1%          3    None
f - Repel Missiles        Chrm/Air       ######       1%          2    None
x - Force Lance           Conj/Tloc      ######..     1%          4    None
z - Dazzling Spray        Conj/Hex       #####...     1%          3    None


Dungeon Overview and Level Annotations

Branches:
Dungeon (12/15)            Temple (1/1) D:6            Lair (4/8) D:11
  Swamp (0/5) Lair:4          Orc (0/4) D:11
  Snake: Lair:3-6    Spider: Lair:3-6

Altars:
Ashenzari
Cheibriados
Dithmenos
Elyvilon
Fedhas
Gozag
Kikubaaqudgha
Makhleb
Nemelex Xobeh
Okawaru
Qazlal
Ru
Sif Muna
Trog
Vehumet
Xom
Yredelemnul
Zin
The Shining One

Annotations:
Lair:4 exclusion: 4 oklob plants


Message History

Aiming: Force Lance
Press: ? - help, Shift-Dir - straight line, f/p - oklob plant
Aim: an oklob plant (heavily damaged)
The lance of force hits the oklob plant.
The oklob plant is severely damaged.
The oklob plant spits acid at you.
The splash of acid is repelled.
The oklob plant spits acid at you. The splash of acid hits you! You resist.
The acid burns!
You resist.
* * * LOW HITPOINT WARNING * * *
The oklob plant spits acid at you. The splash of acid hits you! You resist.
* * * LOW HITPOINT WARNING * * *
The acid burns!
You resist.
* * * LOW HITPOINT WARNING * * *
The oklob plant spits acid at you. The splash of acid misses you.
The oklob plant spits acid at you. The splash of acid hits you! You resist.
You die...

#.♣≈..≈ #.♣♣..≈ ♣♣♣≈..♣
######## ♣≈..≈ #PP...P#
♣≈♣.≈ #≈≈≈≈.≈# ♣≈..≈
#≈....≈# ♣≈♣.≈ #......###
♣≈..♣ ###@......># ♣≈♣.§
#.'.......># ♣♣.§§
##.#.......> ♣≈.§§
########## ##..#......##
♣≈.§§
..#.##.#P###...#≈....≈#
♣§§≈§
...............#≈.≈≈≈≈#
♣♣♣♣♣ ...............#....?P
.
...............##########..
............................


You could see 4 oklob plants.

Vanquished Creatures
  The ghost of faibistes the Thaumaturge, a powerful DEWz of Sif Muna (Lair:2)
  2 hydras
  The ghost of faibistes the Thaumaturge, an experienced DEWz of Sif Muna (D:8)
  3 unseen horrors
  2 hill giants (D:10)
  2 cyclopes
  An ugly thing (D:11)
  A griffon (Lair:3)
  An orc knight (Bailey)
  2 black mambas (Lair:1)
  A kobold demonologist (D:11)
  2 gargoyles (D:10)
  3 spiny frogs
  2 fire drakes
  5 komodo dragons
  3 trolls
  A wraith (D:9)
  A basilisk (Lair:1)
  2 wyverns
  6 yaks (D:9)
  6 hippogriffs
  3 hungry ghosts
  A human (D:8)
  A hog (D:8)
  6 swamp worms (Lair:4)
  Edmund (D:6)
  A mottled dragon (D:11)
  A porcupine (Lair:2)
  6 ice beasts
  9 orc warriors
  A sky beast (D:11)
  7 water moccasins
  A wasp (D:11)
  7 ogres
  An eye of draining (D:11)
  A necrophage (D:6)
  A centaur (D:8)
  3 crocodiles
  3 big kobolds
  A water moccasin zombie (D:9)
  13 giant frogs
  A wyvern skeleton (D:8)
  8 scorpions
  5 killer bees (D:11)
  3 wights (D:11)
  2 electric eels (Lair:4)
  A goliath beetle (D:10)
  6 crimson imps
  7 hounds
  2 jellies
  2 quasits (D:11)
  3 giant frog zombies
  2 giant frog skeletons
  4 iguanas
  4 orc priests
  12 orc wizards
  5 centaur skeletons
  3 sheep (D:8)
  9 worker ants
  2 killer bee zombies (D:9)
  3 hound skeletons
  A hound zombie (D:8)
  2 worker ant zombies
  15 adders
  5 gnolls
  7 river rats (Lair:1)
  2 shadow imps
  12 white imps (Lair:1)
  A worm (D:3)
  2 giant mites
  An adder skeleton (D:5)
  2 adder zombies
  An ooze (D:3)
  42 orcs
  3 giant cockroaches
  22 goblins
  10 hobgoblins
  12 jackals
  41 kobolds
  9 quokkas
  A ball python (D:1)
  20 bats
  7 giant geckos
  A giant gecko skeleton (D:9)
  A giant gecko zombie (D:5)
  7 giant newts
  A giant spore (D:11)
  An orc zombie (D:11)
  A quokka skeleton (D:5)
  19 rats
  4 ballistomycetes
453 creatures vanquished.

Vanquished Creatures (collateral kills)
  A gnoll (D:5)
  A worm (D:2)
  3 jackals
  A rat (D:2)
6 creatures vanquished.

Vanquished Creatures (others)
  An iron imp (D:5)
  A crimson imp (D:5)
  A gnoll (D:9)
  2 giant spores
  A ballistomycete (D:9)
  4 fungi
10 creatures vanquished.

Grand Total: 469 creatures vanquished

Notes
Turn   | Place    | Note
--------------------------------------------------------------
     0 | D:1      | faibistes, the Deep Elf Wizard, began the quest for the Orb.
     0 | D:1      | Reached XP level 1. HP: 10/10 MP: 6/6
   289 | D:1      | Reached XP level 2. HP: 15/15 MP: 5/10
   294 | D:1      | Learned a level 2 spell: Blink
   297 | D:1      | Learned a level 2 spell: Call Imp
   874 | D:1      | Reached skill level 5 in Spellcasting
  1414 | D:2      | Found a deep blue altar of Sif Muna.
  1422 | D:2      | Became a worshipper of Sif Muna the Loreminder
  1440 | D:2      | Reached XP level 3. HP: 19/19 MP: 11/14
  1445 | D:2      | Learned a level 3 spell: Conjure Flame
  1449 | D:2      | Learned a level 3 spell: Mephitic Cloud
  1545 | D:2      | Found a shattered altar of Ashenzari.
  2018 | D:2      | Found a sparkling altar of Nemelex Xobeh.
  2342 | D:2      | Reached XP level 4. HP: 20/24 MP: 8/17
  2399 | D:2      | Learned a level 2 spell: Repel Missiles
  2964 | D:4      | Noticed a scorpion
  2976 | D:4      | Killed a scorpion
  2976 | D:4      | Reached skill level 6 in Spellcasting
  2976 | D:4      | Reached XP level 5. HP: 28/28 MP: 5/20
  3818 | D:3      | Found a sacrificial altar of Ru.
  3855 | D:3      | You fall through a shaft for 2 floors!
  3855 | D:5      | Entered Level 5 of the Dungeon
  3862 | D:5      | Noticed an ogre
  4006 | D:5      | Noticed an ogre
  4325 | D:5      | Acquired Sif Muna's first power
  4327 | D:5      | Reached XP level 6. HP: 32/32 MP: 7/22
  4469 | D:5      | Reached skill level 7 in Spellcasting
  4504 | D:5      | Killed an ogre
  5281 | D:5      | Reached XP level 7. HP: 36/36 MP: 6/25
  5505 | D:5      | Reached skill level 1 in Air Magic
  5513 | D:5      | Reached skill level 8 in Spellcasting
  5621 | D:5      | Killed an ogre
  5621 | D:5      | Reached skill level 1 in Fire Magic
  5774 | D:5      | Acquired Sif Muna's second power
  5774 | D:5      | Reached skill level 1 in Poison Magic
  5954 | D:5      | Found an iron altar of Okawaru.
  6704 | D:6      | Found a staircase to the Ecumenical Temple.
  6718 | Temple   | Entered the Ecumenical Temple
  6897 | D:6      | Reached XP level 8. HP: 41/41 MP: 16/27
  7017 | D:6      | Found a stormy altar of Qazlal.
  7419 | D:6      | Noticed Edmund
  7432 | D:6      | Killed Edmund
  7432 | D:6      | Reached skill level 5 in Dodging
  7432 | D:6      | Reached skill level 5 in Conjurations
  7435 | D:6      | Reached skill level 9 in Spellcasting
  7906 | D:6      | Reached skill level 1 in Charms
  7995 | D:7      | Reached skill level 1 in Invocations
  8153 | D:7      | Reached skill level 1 in Evocations
  8298 | D:7      | Reached skill level 1 in Fighting
  8630 | D:9      | Found a flagged portal.
  8637 | Bailey   | Entered a bailey
  8717 | Bailey   | Noticed an orc knight
  8720 | Bailey   | Killed an orc knight
  8720 | Bailey   | Reached XP level 9. HP: 47/47 MP: 24/29
  9338 | D:10     | Entered Level 10 of the Dungeon
  9810 | D:7      | Found a glowing golden altar of the Shining One.
  9811 | D:7      | Found a glowing silver altar of Zin.
  9815 | D:7      | Found a white marble altar of Elyvilon.
  9930 | D:7      | Found an opulent altar of Gozag.
 10171 | D:7      | Acquired Sif Muna's third power
 10171 | D:7      | Reached skill level 10 in Spellcasting
 10368 | D:7      | Found a burning altar of Makhleb.
 10371 | D:7      | Found a shimmering altar of Xom.
 10926 | D:7      | Found an ancient bone altar of Kikubaaqudgha.
 10984 | D:7      | Found a shadowy altar of Dithmenos.
 11219 | D:8      | Reached skill level 5 in Fire Magic
 11352 | D:9      | Noticed a troll
 11358 | D:9      | Killed a troll
 11358 | D:9      | Reached XP level 10. HP: 19/54 MP: 19/31
 11961 | D:8      | Noticed faibistes' ghost (experienced DEWz)
 11966 | D:8      | Killed faibistes' ghost
 12067 | D:8      | HP: 2/55 [something (3)]
 13033 | D:9      | Found a radiant altar of Vehumet.
 13922 | D:9      | Reached skill level 5 in Translocations
 14267 | D:9      | Noticed a troll
 14272 | D:9      | Killed a troll
 14272 | D:9      | Reached skill level 11 in Spellcasting
 14272 | D:9      | Reached skill level 5 in Charms
 14762 | D:9      | Reached skill level 5 in Invocations
 15754 | D:10     | Noticed a seven-headed hydra
 15783 | D:10     | Killed a seven-headed hydra
 15783 | D:10     | Reached XP level 11. HP: 60/60 MP: 7/33
 16204 | D:10     | Found a glowing golden altar of the Shining One.
 16328 | D:11     | Noticed a hill giant
 16540 | D:10     | Killed a hill giant
 16936 | D:10     | Got a pair of twisted gloves
 16947 | D:10     | Identified the cursed +0 pair of gloves "Muonar" {rElec rC- Str+3 SInv} (You found it on level 10 of the Dungeon)
 17354 | D:9      | Noticed an unseen horror
 17378 | D:9      | Killed an unseen horror
 17679 | D:10     | Noticed an unseen horror
 17693 | D:10     | Killed an unseen horror
 17818 | D:10     | Noticed a hill giant
 17848 | D:10     | Killed a hill giant
 17848 | D:10     | Received a gift from Sif Muna
 17849 | D:10     | Identified Sif Muna's Disquisition on Translocation (Sif Muna gifted it to you on level 10 of the Dungeon)
 18044 | D:11     | Reached skill level 12 in Spellcasting
 18074 | D:11     | Found a staircase to the Orcish Mines.
 18275 | D:11     | Found a staircase to the Lair.
 18587 | D:11     | Reached skill level 5 in Evocations
 20145 | D:11     | Noticed an unseen horror
 20169 | D:11     | Killed an unseen horror
 20169 | D:11     | Reached XP level 12. HP: 64/66 MP: 30/35
 20547 | Lair:1   | Entered Level 1 of the Lair of Beasts
 20832 | Lair:2   | Noticed faibistes' ghost (powerful DEWz)
 20842 | Lair:2   | Killed faibistes' ghost
 21856 | Lair:3   | Learned a level 3 spell: Dazzling Spray
 22542 | Lair:1   | Received a gift from Sif Muna
 22549 | Lair:1   | Learned a level 4 spell: Force Lance
 24227 | Lair:3   | Noticed a seven-headed hydra
 24238 | Lair:3   | Killed a seven-headed hydra
 24433 | Lair:3   | Reached skill level 13 in Spellcasting
 25489 | Lair:4   | Found a staircase to the Swamp.
 25936 | Lair:4   | Noticed a five-headed hydra
 26187 | Lair:4   | Killed from afar by an oklob plant

Action                   |  1- 3 |  4- 6 |  7- 9 | 10-12 || total
-------------------------+-------+-------+-------+-------++-------
Melee: Dagger            |     2 |     3 |     9 |       ||    14
       Staff             |       |       |    50 |   208 ||   258
 Cast: Magic Dart        |    97 |   156 |   390 |   749 ||  1392
       Call Imp          |     7 |     2 |     1 |       ||    10
       Mephitic Cloud    |     1 |     7 |    32 |    78 ||   118
       Conjure Flame     |     1 |     6 |    29 |   119 ||   155
       Blink             |     1 |       |     6 |    29 ||    36
       Repel Missiles    |       |     3 |     3 |     1 ||     7
       Dazzling Spray    |       |       |       |    39 ||    39
       Force Lance       |       |       |       |    35 ||    35
Invok: Channel Energy    |       |       |       |    33 ||    33
Evoke: Wand              |       |       |    16 |    14 ||    30
  Use: Scroll            |       |       |    17 |    16 ||    33
       Potion            |       |       |       |     5 ||     5
 Stab: Sleeping          |     2 |       |       |       ||     2
       Confused          |       |       |     3 |     5 ||     8
       Invisible         |       |       |       |     6 ||     6
  Eat: Chunk             |     4 |     9 |    14 |    34 ||    61
       Bread ration      |       |       |     1 |     1 ||     2
       Beef jerky        |       |       |       |     2 ||     2
       Fruit             |       |       |       |     6 ||     6
       Pizza             |       |       |       |     3 ||     3
